% Time on Ice - BANFF WOLVES
Lines # - Real PCT - Wanted PCT - Time Play
Normal Forward
1 - 36% - 36% - 18:39
2 - 33% - 34% - 17:14
3 - 25% - 25% - 12:46
4 - 7% - 5% - 3:25
Normal Defense
1 - 38% - 41% - 19:33
2 - 39% - 41% - 20:12
3 - 22% - 9% - 11:31
4 - 2% - 9% - 0:48
PP Forward
1 - 63% - 60% - 3:44
2 - 37% - 40% - 2:13
PP Defense
1 - 52% - 60% - 3:05
2 - 48% - 40% - 2:52
PK Forward
1 - 53% - 50% - 1:03
2 - 47% - 50% - 0:56
PK Defense
1 - 47% - 50% - 0:56
2 - 53% - 50% - 1:03
PK3 Forward
1 - 0% - 50%
2 - 0% - 50%
PK3 Defense
1 - 0% - 50%
2 - 0% - 50%
44 Forward
1 - 0% - 55%
2 - 0% - 45%
44 Defense
1 - 0% - 55%
2 - 0% - 45%
Last Minute Offensive  - 0:00
Last Minute Defensive  - 0:00
Total
Forward - 60:00
Defense - 60:00
% Time on Ice - COLORADO GLACIERCATS
Lines # - Real PCT - Wanted PCT - Time Play
Normal Forward
1 - 32% - 35% - 16:49
2 - 35% - 35% - 18:28
3 - 25% - 25% - 12:59
4 - 7% - 5% - 3:48
Normal Defense
1 - 38% - 37% - 19:38
2 - 37% - 36% - 19:10
3 - 25% - 23% - 12:48
4 - 1% - 4% - 0:28
PP Forward
1 - 54% - 50% - 1:04
2 - 46% - 50% - 0:55
PP Defense
1 - 46% - 55% - 0:55
2 - 54% - 45% - 1:04
PK Forward
1 - 55% - 50% - 3:18
2 - 45% - 50% - 2:39
PK Defense
1 - 43% - 50% - 2:33
2 - 57% - 50% - 3:24
PK3 Forward
1 - 0% - 50%
2 - 0% - 50%
PK3 Defense
1 - 0% - 50%
2 - 0% - 50%
44 Forward
1 - 0% - 50%
2 - 0% - 50%
44 Defense
1 - 0% - 45%
2 - 0% - 55%
Last Minute Offensive  - 0:00
Last Minute Defensive  - 0:00
Total
Forward - 60:00
Defense - 60:00
Play-by-Play 1st period 0:01 of 1st period - Anze Kopitar wins face-off versus Elias Lindholm in neutral zone. 0:06 of 1st period - Anze Kopitar is hit by Mats Zuccarello and loses puck. 0:15 of 1st period - Shot by Mats Zuccarello. 0:15 of 1st period - Goal by Mats Zuccarello - BANFF WOLVES : 1 - COLORADO GLACIERCATS : 0. 0:16 of 1st period - Leon Draisaitl wins face-off versus Joel Eriksson Ek in neutral zone. 0:33 of 1st period - Shot by Leon Draisaitl. 0:33 of 1st period - Shot Misses the Net. 0:35 of 1st period - Shot by Vince Dunn. 0:35 of 1st period - Stopped by Joey Daccord without a rebound. 0:36 of 1st period - Alexander Wennberg wins face-off versus Jordan Staal in BANFF WOLVES zone. 1:11 of 1st period - Shot by Trevor Moore. 1:11 of 1st period - Deflect By Cole Perfetti. 1:11 of 1st period - Stopped by Joey Daccord with a rebound. 1:14 of 1st period - Icing by Nick Leddy. 1:15 of 1st period - Anze Kopitar wins face-off versus Jordan Staal in BANFF WOLVES zone. 3:37 of 1st period - Shot by Adam Henrique. 3:37 of 1st period - Stopped by Andrei Vasilevskiy without a rebound. 3:38 of 1st period - Jordan Staal wins face-off versus Leon Draisaitl in COLORADO GLACIERCATS zone. 3:38 of 1st period - Miro Heiskanen is hit by Vince Dunn and loses puck. 4:11 of 1st period - Shot by Leon Draisaitl. 4:11 of 1st period - Shot Misses the Net. 4:13 of 1st period - Shot by Vince Dunn. 4:13 of 1st period - Stopped by Joey Daccord without a rebound. 4:14 of 1st period - Elias Lindholm wins face-off versus Alexander Wennberg in BANFF WOLVES zone. 4:33 of 1st period - Icing by Mario Ferraro. 4:34 of 1st period - Joel Eriksson Ek wins face-off versus Alexander Wennberg in COLORADO GLACIERCATS zone. 4:35 of 1st period - Shot by Roope Hintz. 4:35 of 1st period - Stopped by Andrei Vasilevskiy without a rebound. 4:36 of 1st period - Joel Eriksson Ek wins face-off versus Leon Draisaitl in COLORADO GLACIERCATS zone. 5:19 of 1st period - Shot by Joel Eriksson Ek. 5:19 of 1st period - Shot Misses the Net. 5:21 of 1st period - Shot by Miro Heiskanen. 5:21 of 1st period - Shot Misses the Net. 5:23 of 1st period - Shot by Timo Meier. 5:23 of 1st period - Stopped by Andrei Vasilevskiy without a rebound. 5:24 of 1st period - Elias Lindholm wins face-off versus Alexander Wennberg in COLORADO GLACIERCATS zone. 5:47 of 1st period - Shot by Mats Zuccarello. 5:47 of 1st period - Shot Misses the Net. 5:57 of 1st period - Shot by Cole Perfetti. 5:57 of 1st period - Deflect By Trevor Moore. 5:57 of 1st period - Shot Misses the Net. 6:02 of 1st period - Off-side. 6:03 of 1st period - Jordan Staal wins face-off versus Tage Thompson in neutral zone. 6:30 of 1st period - Shot by Vince Dunn. 6:30 of 1st period - Goal by Vince Dunn - BANFF WOLVES : 1 - COLORADO GLACIERCATS : 1. 6:31 of 1st period - Leon Draisaitl wins face-off versus Joel Eriksson Ek in neutral zone. 8:48 of 1st period - Off-side. 8:49 of 1st period - Joel Eriksson Ek wins face-off versus Leon Draisaitl in neutral zone. 8:51 of 1st period - Off-side. 8:52 of 1st period - Jordan Staal wins face-off versus Leon Draisaitl in neutral zone. 9:17 of 1st period - Shot by Tyler Toffoli. 9:17 of 1st period - Deflect By Adam Henrique. 9:17 of 1st period - Stopped by Andrei Vasilevskiy without a rebound. 9:18 of 1st period - Joel Eriksson Ek wins face-off versus Anze Kopitar in COLORADO GLACIERCATS zone. 9:44 of 1st period - Icing by Anze Kopitar. 9:45 of 1st period - Anze Kopitar wins face-off versus Elias Lindholm in COLORADO GLACIERCATS zone. 10:26 of 1st period - Shot by Elias Lindholm. 10:26 of 1st period - Shot Blocked by Jamie Benn. 10:28 of 1st period - Shot by Cam Fowler. 10:28 of 1st period - Stopped by Andrei Vasilevskiy without a rebound. 10:29 of 1st period - Leon Draisaitl wins face-off versus Joel Eriksson Ek in COLORADO GLACIERCATS zone. 11:37 of 1st period - Shot by Nick Leddy. 11:37 of 1st period - Stopped by Andrei Vasilevskiy without a rebound. 11:38 of 1st period - Alexander Wennberg wins face-off versus Elias Lindholm in COLORADO GLACIERCATS zone. 11:45 of 1st period - Shot by Trevor Moore. 11:45 of 1st period - Stopped by Joey Daccord with a rebound. 11:47 of 1st period - Shot by Devon Toews. 11:47 of 1st period - Shot Misses the Net. 11:49 of 1st period - Shot by Erik Karlsson. 11:49 of 1st period - Stopped by Joey Daccord without a rebound. 11:50 of 1st period - Jordan Staal wins face-off versus Tage Thompson in BANFF WOLVES zone. 11:50 of 1st period - Cam Fowler is hit by Nic Dowd and loses puck. 11:55 of 1st period - Minor Penalty to Tage Thompson for Slashing. 11:56 of 1st period - Alexander Wennberg wins face-off versus Mats Zuccarello in COLORADO GLACIERCATS zone. 13:26 of 1st period - Icing by Roope Hintz. 13:27 of 1st period - Joel Eriksson Ek wins face-off versus Alexander Wennberg in BANFF WOLVES zone. 13:56 of 1st period - Shot by Joel Eriksson Ek. 13:56 of 1st period - Shot Blocked by Mario Ferraro. 14:18 of 1st period - Shot by Leon Draisaitl. 14:18 of 1st period - Stopped by Joey Daccord without a rebound. 14:19 of 1st period - Anze Kopitar wins face-off versus Elias Lindholm in BANFF WOLVES zone. 15:33 of 1st period - Off-side. 15:34 of 1st period - Joel Eriksson Ek wins face-off versus Leon Draisaitl in neutral zone. 15:54 of 1st period - Shot by Tomas Hertl. 15:54 of 1st period - Shot Misses the Net. 16:08 of 1st period - Shot by Timo Meier. 16:08 of 1st period - Shot Misses the Net. 17:07 of 1st period - Shot by Cole Perfetti. 17:07 of 1st period - Stopped by Joey Daccord with a rebound. 17:09 of 1st period - Shot by Kevin Shattenkirk. 17:09 of 1st period - Shot Blocked by Adam Henrique. 17:11 of 1st period - Shot by Alexander Wennberg. 17:11 of 1st period - Deflect By Trevor Moore. 17:11 of 1st period - Shot Misses the Net. 17:13 of 1st period - Shot by Alexander Wennberg. 17:13 of 1st period - Stopped by Joey Daccord without a rebound. 17:14 of 1st period - Elias Lindholm wins face-off versus Tage Thompson in BANFF WOLVES zone. 17:19 of 1st period - Shot by Artemi Panarin. 17:19 of 1st period - Shot Blocked by Erik Karlsson. 17:36 of 1st period - Icing by Devon Toews. 17:37 o